 Dungeon Crawl Stone Soup version 0.28-a0-628-g3c9886e45e (webtiles) character file.

Game seed: 18280152346746204477

32 gruber the Chiller (level 3, 0/24 HPs)
             Began as a Demonspawn Ice Elementalist on Oct 8, 2021.
             Slain by an adder (4 damage)
             ... on level 2 of the Dungeon.
             The game lasted 00:01:24 (1131 turns).

gruber the Chiller (Demonspawn Ice Elementalist)    Turns: 1131, Time: 00:01:25

Health: 0/24       AC:  2    Str:  8    XL:     3   Next: 10%
Magic:  5/6        EV: 12    Int: 17    God:
Gold:   88         SH:  0    Dex: 13    Spells: 6/7 levels left

rFire   . . .      SeeInvis .   e - +1 short sword (venom)
rCold   . . .      Faith    .   (no shield)
rNeg    . . .      Spirit   .   a - +0 robe
rPois   .          Reflect  .   (no helmet)
rElec   .          Harm     .   (no cloak)
rCorr   .          Rampage  .   (no gloves)
Will    .....                   (no boots)
Stlth   ++........              f - amulet of the acrobat
HPRegen 0.08/turn               (no ring)
MPRegen 0.10/turn               (no ring)

@: no status effects
A: spiny 1
a: no special abilities


You were on level 2 of the Dungeon.
You visited 1 branch of the dungeon, and saw 2 of its levels.

You collected 88 gold pieces.

Inventory:

Hand Weapons
 d - a +0 mace
 e - a +1 short sword of venom (weapon)
Armour
 a - a +0 robe (worn)
Jewellery
 f - an amulet of the acrobat (around neck)
Scrolls
 b - 3 scrolls of identify {unknown}
Potions
 c - a potion of invisibility {unknown}


   Skills:
 - Level 1.7 Dodging
 - Level 1.7 Stealth
 * Level 2.5 Spellcasting
 + Level 4.2 Ice Magic


You had 6 spell levels left.
You knew the following spells:

 Your Spells              Type           Power      Damage    Failure   Level
a - Freeze                Ice            64%        1d8       3%          1

Your spell library contained the following spells:

 Spells                   Type           Power      Damage    Failure   Level
 Frozen Ramparts          Ice            32%        1d5       10%         3
 Ozocubu's Armour         Ice            16%        N/A       10%         3
 Hailstorm                Conj/Ice       9%         3d4       58%         4


Dungeon Overview and Level Annotations

Branches:
Dungeon (2/15)

Altars:


Innate Abilities, Weirdness & Mutations

You are partially covered in sharp spines.


Message History

f - an amulet of the acrobat You start putting on your amulet.
You continue putting on your amulet of the acrobat. x5
You finish putting on your amulet of the acrobat.
You feel ready to tumble and roll out of harm's way.
f - an amulet of the acrobat (around neck)
A worm comes into view.
Found a helmet.
A worm is nearby!
A worm is nearby!
You see here 13 gold pieces.
You hit the worm.
The worm is poisoned.
The worm is lightly wounded.
The worm is struck by your spines. The worm misses you.
You hit the worm.
The worm looks as sick as possible!
The worm is heavily wounded.
You barely miss the worm.
The worm is severely wounded.
The worm bites you!
You hit the worm.
The worm looks as sick as possible!
The worm is severely wounded.
The worm bites you!
* * * LOW HITPOINT WARNING * * *
You are too injured to fight recklessly!
You are too injured to fight recklessly!
You kill the worm!
An adder comes into view.
An adder is nearby!
You start resting.
An adder is nearby!
The adder hisses angrily.
Casting: Freeze (safe; 3% risk of failure)
Confirm with . or Enter, or press ? or * to list all spells.
Aiming: Freeze (safe; 3% risk of failure)
Press: ? - help, Shift-Dir - straight line, f - adder
Aim: an adder You freeze the adder.
The adder is heavily wounded.
The adder seems to slow down.
The adder bites you.
You die...

#......# #..#.#
#......# #....#
#......#.#.#..# #
#......#......#.#
#......# #.$....#
#......# ###.####
####.#######.#
#.........###
###...@S....#
#.#.##..#.#
#.######.#.##..#.#
#..............#S#
#####..#.#.#..##.#
#............#
##.#......#...
#....###.#....
#..S.....#..##.


You could see an adder (slow).

Vanquished Creatures
  An adder (D:2)
  A worm (D:2)
  3 bats (D:1)
  An endoplasm (D:1)
  4 giant cockroaches
  2 goblins (D:1)
  A hobgoblin (D:1)
  A kobold (D:1)
  4 ball pythons
  A frilled lizard (D:1)
  A rat (D:1)
20 creatures vanquished.

Notes
Turn   | Place    | Note
-------+----------+-------------------------------------------
     0 | D:1      | gruber the Demonspawn Ice Elementalist began the quest for
                  | the Orb.
     0 | D:1      | Reached XP level 1. HP: 13/13 MP: 3/3
   376 | D:1      | Found a faded altar of an unknown god.
   396 | D:1      | Gained mutation: You are partially covered in sharp spines.
                  | [demonic ancestry]
   396 | D:1      | Reached XP level 2. HP: 13/19 MP: 3/5
   547 | D:1      | Reached skill level 4 in Ice Magic
  1031 | D:2      | Reached XP level 3. HP: 21/24 MP: 6/6
  1131 | D:2      | Slain by an adder

Illustrated notes

Levels and vault maps discovered:
D:1:      minmay_arrival_up_and_down, layout_basic, ebering_ecumenical_altar_box
D:2:      layout_loops_cross, uniq_jessica, uniq_sigmund

Skill      XL: |  1  2 |
---------------+-------+-----
Ice Magic      | 4 |  4.2
Dodging        | |  1.7
Stealth        | |  1.7
Spellcasting   | |  2.5

Action                   || total
-------------------------++-------
Melee: Mace              ||    31
       Unarmed           ||     3
       Short sword       ||    13
 Cast: Freeze            ||    12
 Stab: Sleeping          ||     1
Armor: Robe              ||    25
Dodge: Dodged            ||    55

Table legend: (Time is in decaauts)
 A = Elapsed time spent in this place.
 B = Non-inter-level travel time spent in this place.
 C = Inter-level travel time spent in this place.
 D = Time resting spent in this place.
 E = Time spent auto-exploring this place.
 F = Levels seen in this place.
 G = Mean time per level.
                   A        B        C        D        E       F      G
               +--------+--------+--------+--------+--------+-----+--------+
         Total |   1143 |   1096 |     47 |      8 |    883 |   2 |  571.5 |
       Dungeon |   1143 |   1096 |     47 |      8 |    883 |   2 |  571.5 |
               +--------+--------+--------+--------+--------+-----+--------+

Top non-repeatable levels by time:
     D:1: 977 daAuts
     D:2: 165 daAuts
